 Dungeon Sprint DCSS version 0.30-a0-824-g6c64550be9 (webtiles) character file.

Game seed: 12288287854535200402

3900000 BigDaddyOpFi the Intangible (level 23, -75/201 HPs)
             Began as a Djinni Warper on Feb 27, 2023.
             Was the Champion of Makhleb.
             Annihilated by a destroyer
             ... wielding a +9 heavy great sword
              (138 damage)
             ... in the Dungeon (Sprint VIII: "Arena of Blood").
             The game lasted 00:01:04 (39 turns).

BigDaddyOpFi the Intangible (Djinni Warper)           Turns: 39, Time: 00:01:04

Health: -75/201    AC: 17    Str: 10    XL:     23   Next: 48%
Gold:   0          EV: 45    Int: 14    God:    Makhleb [******] SH:  0 Dex: 25

rFire   . . .      SeeInvis .      - Unarmed
rCold   . . .      Faith    .    (shield currently unavailable)
rNeg    . . .      Spirit   .    (body armour currently unavailable)
rPois   ∞          Reflect  .    (helmet currently unavailable)
rElec   +          Harm     .    (cloak currently unavailable)
rCorr   .          Rampage  .    (gloves currently unavailable)
Will    ++...      NoTele   +    (boots unavailable)
Stlth   ++++++++++               (no amulet)
HPRegen 0.53/turn                (no ring)
MPRegen 0.00/turn                (no ring)

@: storm-form, flying
A: cleaving, insubstantial, flying, sickness immunity, (fire resistance 2),
(cold vulnerability 1), float, innate caster, HP casting, extra vitality 1
a: Blinkbolt, End Transformation, Renounce Religion, Minor Destruction, Lesser
Servant of Makhleb, Major Destruction, Greater Servant of Makhleb


You were in the Dungeon.
You worshipped Makhleb.
Makhleb was exalted by your worship.
You were a lightning-filled tempest!
You visited 1 branch

Inventory:

Hand Weapons
 h - the +∞ Axe of Woe (melded)
   (You found it in the Dungeon)
Missiles
 c - 7 boomerangs of dispersal (quivered)
Armour
 a - a +0 leather armour (melded)
Scrolls
 b - 2 scrolls of blinking
Potions
 d - a potion of curing
 e - a potion of heal wounds
 f - a potion of haste
 g - a potion of berserk rage


   Skills:
 O Level 27 Fighting
 + Level 26.4 Axes
 + Level 26.5 Throwing
 O Level 27 Armour
 O Level 27 Dodging
 O Level 27 Stealth
 O Level 27 Unarmed Combat
 + Level 24.6 Spellcasting
 O Level 27 Invocations


You knew the following spells:

 Your Spells              Type           Power      Damage    Failure   Level
a - Blink                 Tloc           100%       N/A       0%          2
b - Lesser Beckoning      Tloc           100%       N/A       0%          2
c - Vhi's Electric Charg  Tloc/Air       100%       N/A       0%          3
d - Teleport Other        Tloc           72%        N/A       0%          3
e - Manifold Assault      Tloc           72%        N/A       0%          4
f - Slow                  Hex            100%       N/A       0%          1
g - Ensorcelled Hibernat  Hex/Ice        100%       N/A       0%          2
h - Dazzling Flash        Conj/Hex       100%       N/A       0%          3
i - Kindle Blastsparks    Fire/Tloc/Air  100%       2d18      0%          3
j - Agony                 Necr           72%        N/A       0%          5
k - Blade Hands           Tmut           36%        N/A       0%          5
l - Eringya's Noxious Bo  Tmut/Pois      36%        N/A       0%          6
m - Dragon Form           Tmut           36%        N/A       1%          7
n - Ozocubu's Refrigerat  Ice            36%        4d15      1%          7
o - Storm Form            Tmut/Air       36%        N/A       1%          7
p - Discord               Hex            36%        N/A       1%          8
Your spell library was empty.

Dungeon Overview and Level Annotations

Branches:
Dungeon (1/1)

Altars:
Makhleb

Annotations:
D The Servant


Innate Abilities, Weirdness & Mutations

You are a lightning-filled tempest!
Your electrical attacks strike out in all directions at once.
You are incredibly evasive.
Your insubstantial body is immune to petrification, constriction, and being set on fire You are flying.
Your armour is entirely melded.
You are incapable of wielding weapons or throwing items.
You are immune to sickness and miasma.
You are immune to poison.
((Your flesh is very heat resistant. (rF++)))
((You are vulnerable to cold. (rC-)))
You float through the air rather than walking.
You learn spells naturally, not from books.
Your magical power is your life essence.
You have superior vitality. (+4 MHP)


Message History

You hear a shout! x2
The Servant comes into view.
He is wielding a +9 glaive of flaming.
You hear a shout! x2
The destroyer gestures at you while chanting.
The destroyer blinks!
The bag of meat is engulfed in blazing flames.
You hear a roar!
An eight-headed meat hydra comes into view.
You hear a shout! x4
The destroyer is engulfed in blazing flames.
The eight-headed meat hydra calls on the powers of darkness!
The eight-headed meat hydra convulses!
The bag of meat convulses!
The meat berserker convulses!
Your body is wracked with pain!
You hear a shout!
A bag of meat comes into view. It is wielding a +9 war axe.
The bag of meat is engulfed in blazing flames.
A bag of meat comes into view. It is wielding a +9 war axe.
The destroyer casts a spell at you.
The destroyer blinks!
The bag of meat shouts!
You hear a shout!
The meat berserker rages.
The destroyer gestures at you while chanting.
The destroyer blinks!
You hear a shout! x3
The bag of meat hits you with a +9 war axe!!
You hear a shout! x5
The destroyer points at you and mumbles some strange words.
The destroyer blinks!
You hear a shout! x6
A bag of meat comes into view. It is wielding a +9 war axe.
The bag of meat is engulfed in blazing flames.
You hear a shout! x4
The destroyer casts a spell at you.
The destroyer blinks!
You hear a shout! x5
You hear a shout! x5
The destroyer hits you with a +9 heavy great sword!!!!
Ouch! That really hurt!
You die...

...Do..)°...##o. O
..#...○○..@#o....O
....zz.....#... ##
.##.#§o......o..
......o.........
#....#oOV..####.
.............#.
........V......
.......v.......
###############


You could see The Servant, 2 destroyers, 2 sculptors of flesh, a meat berserker
(berserk) and 5 bags of meat.

Vanquished Creatures
  4 vampire knights (D)
  15 ogres (D)
  3 two-headed ogres (D)
  20 orcs (D)
42 creatures vanquished.

Notes
Turn   | Place    | Note
-------+----------+-------------------------------------------
     0 | D        | Found the +∞ Axe of Woe
     0 | D        | BigDaddyOpFi the Djinni Warper began the quest for the Orb.
     0 | D        | BigDaddyOpFi set off with the following spells memorised:
                  | Blink, Lesser Beckoning, Vhi's Electric Charge, Teleport
                  | Other, Manifold Assault.
     0 | D        | Reached XP level 1. HP: 18/18 MP: 0/0
     1 | D        | Noticed a meat berserker
     2 | D        | Noticed a bag of meat
     4 | D        | Became a worshipper of Makhleb the Destroyer
     5 | D        | Noticed a meat berserker
     6 | D        | Killed a meat berserker
     7 | D        | Reached skill level 10 in Fighting
     7 | D        | Reached skill level 10 in Armour
     7 | D        | Reached skill level 10 in Unarmed Combat
     7 | D        | Reached skill level 10 in Invocations
     7 | D        | Reached XP level 2. HP: 36/36 MP: 0/0
     7 | D        | Reached XP level 3. HP: 41/41 MP: 0/0
     7 | D        | Learned a level 1 spell: Slow
     7 | D        | Reached XP level 4. HP: 47/47 MP: 0/0
     7 | D        | Reached XP level 5. HP: 52/52 MP: 0/0
     7 | D        | Learned a level 2 spell: Ensorcelled Hibernation
     7 | D        | Reached XP level 6. HP: 58/58 MP: 0/0
     7 | D        | Reached XP level 7. HP: 64/64 MP: 0/0
     7 | D        | Learned a level 3 spell: Dazzling Flash
     7 | D        | Reached XP level 8. HP: 69/69 MP: 0/0
     7 | D        | Reached XP level 9. HP: 75/75 MP: 0/0
     7 | D        | Learned a level 3 spell: Kindle Blastsparks
     7 | D        | Reached XP level 10. HP: 81/81 MP: 0/0
     7 | D        | Reached XP level 11. HP: 86/86 MP: 0/0
     7 | D        | Learned a level 5 spell: Agony
     7 | D        | Reached XP level 12. HP: 92/92 MP: 0/0
     7 | D        | Noticed a meat berserker
     7 | D        | Noticed a bag of meat
     8 | D        | Noticed a bag of meat
     9 | D        | Killed a meat berserker
     9 | D        | Reached * piety under Makhleb
     9 | D        | Killed a bag of meat
     9 | D        | Noticed a bag of meat
     9 | D        | Noticed a bag of meat
     9 | D        | Noticed a meat berserker
    10 | D        | Reached skill level 10 in Axes
    10 | D        | Reached skill level 10 in Throwing
    10 | D        | Reached skill level 10 in Spellcasting
    10 | D        | Reached XP level 13. HP: 102/102 MP: 0/0
    10 | D        | Learned a level 5 spell: Blade Hands
    10 | D        | Reached XP level 14. HP: 108/108 MP: 0/0
    10 | D        | Noticed a bag of meat
    10 | D        | Noticed a bag of meat
    10 | D        | Noticed a meat berserker
    11 | D        | Noticed a bag of meat
    11 | D        | Noticed a meat berserker
    11 | D        | Noticed a bag of meat
    11 | D        | Noticed a large bag of meat
    11 | D        | Noticed a bag of meat
    11 | D        | Noticed a bag of meat
    11 | D        | Noticed a bag of meat
    11 | D        | Noticed a bag of meat
    11 | D        | Noticed a bag of meat
    11 | D        | Killed a meat berserker
    11 | D        | Killed a meat berserker
    11 | D        | Reached ** piety under Makhleb
    11 | D        | Noticed a bag of meat
    11 | D        | Noticed a bag of meat
    11 | D        | Noticed a bag of meat
    12 | D        | Reached skill level 15 in Dodging
    12 | D        | Reached XP level 15. HP: 73/118 MP: 0/0
    12 | D        | Learned a level 6 spell: Eringya's Noxious Bog
    12 | D        | Reached *** piety under Makhleb
    12 | D        | Noticed a meat berserker
    13 | D        | Reached skill level 15 in Fighting
    13 | D        | Reached skill level 15 in Armour
    13 | D        | Reached skill level 15 in Unarmed Combat
    13 | D        | Reached skill level 15 in Invocations
    13 | D        | Reached XP level 16. HP: 126/128 MP: 0/0
    13 | D        | Killed a meat berserker
    13 | D        | Noticed a meat berserker
    14 | D        | Reached skill level 15 in Stealth
    14 | D        | Reached **** piety under Makhleb
    14 | D        | Killed a meat berserker
    15 | D        | Reached skill level 15 in Axes
    15 | D        | Reached skill level 15 in Throwing
    15 | D        | Reached XP level 17. HP: 139/139 MP: 0/0
    15 | D        | Learned a level 7 spell: Dragon Form
    15 | D        | Reached ***** piety under Makhleb
    15 | D        | Killed a meat berserker
    15 | D        | Noticed a meat berserker
    15 | D        | Noticed a meat berserker
    16 | D        | Reached skill level 15 in Spellcasting
    16 | D        | Reached XP level 18. HP: 126/149 MP: 0/0
    16 | D        | Noticed a large bag of meat
    17 | D        | Killed a large bag of meat
    17 | D        | Reached ****** piety under Makhleb
    18 | D        | Reached XP level 19. HP: 141/160 MP: 0/0
    18 | D        | Learned a level 7 spell: Ozocubu's Refrigeration
    18 | D        | Killed a meat berserker
    19 | D        | Reached XP level 20. HP: 164/169 MP: 0/0
    19 | D        | Noticed a destroyer
    19 | D        | Killed a destroyer
    19 | D        | Killed a meat berserker
    19 | D        | Noticed a meat berserker
    20 | D        | Killed a meat berserker
    21 | D        | Reached XP level 21. HP: 168/179 MP: 0/0
    21 | D        | Learned a level 7 spell: Storm Form
    21 | D        | Killed a large bag of meat
    21 | D        | Noticed a destroyer
    21 | D        | Noticed a meat berserker
    21 | D        | Noticed a meat berserker
    21 | D        | Noticed a destroyer
    21 | D        | Noticed a meat berserker
    22 | D        | Killed a destroyer
    22 | D        | Noticed a destroyer
    22 | D        | Noticed a large bag of meat
    24 | D        | Noticed a meat berserker
    25 | D        | Killed a large bag of meat
    25 | D        | Killed a destroyer
    25 | D        | Killed a meat berserker
    26 | D        | Reached skill level 27 in Dodging
    26 | D        | Reached XP level 22. HP: 183/193 MP: 0/0
    27 | D        | Killed a destroyer
    28 | D        | Reached skill level 27 in Fighting
    28 | D        | Reached skill level 27 in Armour
    28 | D        | Reached skill level 27 in Unarmed Combat
    28 | D        | Reached skill level 27 in Invocations
    29 | D        | Noticed a destroyer
    29 | D        | Killed a meat berserker
    29 | D        | Killed a meat berserker
    29 | D        | Killed a meat berserker
    29 | D        | Killed a meat berserker
    30 | D        | Reached skill level 27 in Stealth
    30 | D        | Reached XP level 23. HP: 200/201 MP: 0/0
    30 | D        | Learned a level 8 spell: Discord
    30 | D        | Noticed a destroyer
    32 | D        | Noticed a destroyer
    33 | D        | Noticed The Servant
    39 | D        | Annihilated by a destroyer

Illustrated notes

Levels and vault maps discovered:
D:        meatsprint

Skill      XL: |  1  2  3  4  5  6  7  8  9 10 11 12 13 14 15 16 17 18 19 20 21 22 |
---------------+-------------------------------------------------------------------+-----
Fighting       | 10 12 14 15 18 19 21 22 24 26 27 | 27.0
Axes           | 8 10 12 13 15 16 18 19 20 22 26 | 26.4
Throwing       | 8 10 12 13 15 17 18 19 20 22 26 | 26.5
Armour         | 10 12 14 15 18 19 21 22 24 26 27 | 27.0
Dodging        | 11 13 15 17 19 21 23 24 25 27 | 27.0
Stealth        | 9 11 13 14 16 18 20 22 24 27 | 27.0
Unarmed Combat | 10 12 14 15 18 19 21 22 24 26 27 | 27.0
Spellcasting   | 8 10 11 12 14 15 17 19 21 24 | 24.6
Invocations    | 10 12 14 15 18 19 21 22 23 26 27 | 27.0

Action                     |  1- 3 |  4- 6 |  7- 9 | 10-12 | 13-15 | 16-18 | 19-21 | 22-24 || total
---------------------------+-------+-------+-------+-------+-------+-------+-------+-------++-------
  Melee: Executioner's axe |     1 |       |       |     1 |     2 |     5 |     6 |     3 ||    18
   Cast: Vhi's Electric Ch |       |       |       |       |     1 |       |     2 |       ||     3
         Storm Form        |       |       |       |       |       |       |       |     1 ||     1
  Dodge: Dodged            |       |       |       |       |       |     1 |     2 |     1 ||     4

Table legend: (Time is in decaauts)
 A = Elapsed time spent in this place.
 B = Non-inter-level travel time spent in this place.
 C = Inter-level travel time spent in this place.
 D = Time resting spent in this place.
 E = Time spent auto-exploring this place.
 F = Levels seen in this place.
 G = Mean time per level.
                   A        B        C        D        E       F      G
               +--------+--------+--------+--------+--------+-----+--------+
         Total |     40 |     40 |      0 |      0 |      0 |   1 |   40.0 |
       Dungeon |     40 |     40 |      0 |      0 |      0 |   1 |   40.0 |
               +--------+--------+--------+--------+--------+-----+--------+

Top non-repeatable levels by time:
       D: 40 daAuts
